 Dungeon Crawl Stone Soup version 0.31-a0-182-gc5ef74bbde (webtiles) character file.

Game seed: 568812240899592416

67 2FriedEggs the Shooter (level 4, 0/21 HPs)
             Began as a Spriggan Hexslinger on June 20, 2023.
             Succumbed to a water moccasin's poison
             ... on level 4 of the Dungeon.
             The game lasted 00:07:21 (2216 turns).

2FriedEggs the Shooter (Spriggan Hexslinger)        Turns: 2216, Time: 00:07:21

Health: 0/21       AC:  3    Str:  3 (4)  XL:     4   Next: 0%
Magic:  4/7        EV: 22    Int: 13 (14) God:
Gold:   163        SH:  0    Dex: 16 (19) Spells: 1/6 levels left

rFire   . . .        a - +1 sling
rCold   . . .        (no shield)
rNeg    . . .        c - +1 robe
rPois   .            (helmet restricted)
rElec   .            (no cloak)
rCorr   .            (gloves unavailable)
SInv    +            (boots unavailable)
Will    .....        (no amulet)
Stlth   +            i - +5 ring of evasion
HPRegen 0.23/turn    (no ring)
MPRegen 0.10/turn

%: no passive effects
@: lethally poisoned (0 -> -28), very slightly contaminated, very quick
A: very small, no large weapons, unfitting armour, see invisible, speed 3
a: no special abilities


You were on level 4 of the Dungeon.
You visited 1 branch of the dungeon, and saw 4 of its levels.

You collected 163 gold pieces.

Inventory:

Hand Weapons
 a - a +1 sling (weapon)
Armour
 c - a +1 robe (worn)
Jewellery
 i - a +5 ring of evasion (left hand)
Wands
 e - a wand of iceblast (8)
 n - a wand of quicksilver (7)
Scrolls
 b - a scroll of poison
 d - a scroll of teleportation
 g - a scroll of butterflies
Potions
 f - a potion of attraction {unknown}
 h - a potion of magic {unknown}
 l - a potion of degeneration
 m - 2 potions of curing {unknown}
 s - a potion of brilliance {unknown}


   Skills:
 - Level 0.7 Fighting
 * Level 4.1 Ranged Weapons
 - Level 2.8 Dodging
 - Level 1.5 Spellcasting
 + Level 3.7 Hexes


You had one spell level left.
You knew the following spells:

 Your Spells              Type           Power      Damage    Failure   Level
a - Slow                  Hex            40%        N/A       6%          1
b - Cause Fear            Hex            5%         N/A       50%         4

Your spell library contained the following spells:

 Spells                   Type           Power      Damage    Failure   Level
 Inner Flame              Hex/Fire       5%         N/A       36%         3
 Portal Projectile        Hex/Tloc       10%        N/A       36%         3


Dungeon Overview and Level Annotations

Branches:
Dungeon (4/15)
 Temple: D:4-7

Altars:
Ashenzari
Cheibriados
Gozag


Innate Abilities, Weirdness & Mutations

You are very small and have problems with some larger weapons.
You are too small for most types of armour.
You have supernaturally acute eyesight. (SInv)
You cover ground extremely quickly. (Speed+++)


Message History

You shoot a sling bullet. The sling bullet hits the adder.
The adder is severely wounded.
The adder barely misses you.
You shoot a sling bullet. The sling bullet misses the adder.
The sling bullet hits the water moccasin but does no damage.
Casting: Slow (safe; 5% risk of failure)
Confirm with . or Enter, or press ? or * to list all spells.
Aiming: Slow (safe; 5% risk of failure)
Press: ? - help, Shift-Dir - straight line, f/p - adder
Aim: an adder (severely wounded, chance to affect: 53%)
The water moccasin resists with some effort.
The water moccasin bites you.
You are poisoned.
The water moccasin poisons you! The water moccasin misses you.
Casting: Slow (safe; 5% risk of failure)
Confirm with . or Enter, or press ? or * to list all spells.
Aiming: Slow (safe; 5% risk of failure)
Press: ? - help, Shift-Dir - straight line, f/p - adder
Aim: an adder (severely wounded, chance to affect: 53%)
You miscast Slow.
You are very lightly contaminated with residual magic.
Nothing appears to happen.
You feel very sick.
The water moccasin completely misses you.
Unknown command.
Casting: Slow (safe; 5% risk of failure)
Confirm with . or Enter, or press ? or * to list all spells.
Aiming: Slow (safe; 5% risk of failure)
Press: ? - help, Shift-Dir - straight line, f/p - adder
Aim: an adder (severely wounded, chance to affect: 53%)
The water moccasin seems to slow down.
You feel very sick. The water moccasin bites you.
You are more poisoned.
The water moccasin poisons you!
Unknown command.
It was a potion of degeneration.
There was something very wrong with that liquid.
You feel weakened.
You feel dopey.
You feel clumsy.
You die...

.... ####..#
#<.[.# ##.####
#..## ##..###
##...## ##
###..##########...
.#...
##......@SS.....
..?..
##############.
..... .##.. #..
#.. #.. ###


You could see a water moccasin (slow) and an adder.

Vanquished Creatures
  3 worms
  3 dart slugs
  4 bats
  3 endoplasms
  A giant cockroach (D:2)
  6 goblins
  5 hobgoblins
  4 quokkas
  6 ball pythons
  4 frilled lizards
  7 kobolds
  5 rats
51 creatures vanquished.

Notes
Turn   | Place    | Note
-------+----------+-------------------------------------------
     0 | D:1      | 2FriedEggs the Spriggan Hexslinger began the quest for the
                  | Orb.
     0 | D:1      | Reached XP level 1. HP: 9/9 MP: 3/3
   337 | D:1      | Reached XP level 2. HP: 14/14 MP: 5/5
   781 | D:2      | Reached skill level 3 in Ranged Weapons
   870 | D:2      | Found a faded altar of an unknown god.
  1056 | D:2      | Reached XP level 3. HP: 17/17 MP: 4/6
  1530 | D:3      | Found a broken altar of Ashenzari.
  1612 | D:3      | Found a snail-covered altar of Cheibriados.
  1739 | D:3      | Reached skill level 4 in Ranged Weapons
  1752 | D:3      | Found an opulent altar of Gozag.
  2033 | D:3      | Reached XP level 4. HP: 21/21 MP: 5/7
  2168 | D:4      | Noticed a water moccasin
  2188 | D:3      | Learned a level 4 spell: Cause Fear
  2216 | D:4      | Succumbed to a water moccasin's poison

Illustrated notes

Levels and vault maps discovered:
D:1:      sevenhm_arrival_forest_fort_large_2, layout_basic
D:2:      minmay_chambers_of_twos, layout_rooms, ebering_ecumenical_altar_hall
D:3:      layout_loops_cross, nicolae_ashenzari_skybound,
          overflow_temple_1_default, kennysheep_slug_shrine
D:4:      layout_rooms

Skill      XL: |  1  2  3 |
---------------+----------+-----
Ranged Weapons | 3 4 |  4.1
Fighting       | |  0.7
Dodging        | |  2.8
Spellcasting   | |  1.5
Hexes          | |  3.7

Action                     |  1- 3 |  4- 6 || total
---------------------------+-------+-------++-------
   Fire: Sling             |   148 |     6 ||   154
   Cast: Slow              |    22 |     2 ||    24
    Use: Scroll            |     9 |       ||     9
         Potion            |       |     1 ||     1
 Armour: Robe              |     4 |       ||     4
  Dodge: Dodged            |    39 |     5 ||    44

Table legend: (Time is in decaauts)
 A = Elapsed time spent in this place.
 B = Non-inter-level travel time spent in this place.
 C = Inter-level travel time spent in this place.
 D = Time resting spent in this place.
 E = Time spent auto-exploring this place.
 F = Levels seen in this place.
 G = Mean time per level.
                   A        B        C        D        E       F      G
               +--------+--------+--------+--------+--------+-----+--------+
         Total |   1575 |   1503 |     72 |     49 |   1109 |   4 |  393.8 |
       Dungeon |   1575 |   1503 |     72 |     49 |   1109 |   4 |  393.8 |
               +--------+--------+--------+--------+--------+-----+--------+

Top non-repeatable levels by time:
     D:2: 597 daAuts
     D:1: 484 daAuts
     D:3: 470 daAuts
     D:4: 23 daAuts
